 Seeded DCSS version 0.29.1-4-g47bece8355 (webtiles) character file.

Game seed: 4359668429902788541 (custom seed)

137 GigaChad the Shield-Bearer (level 5, -1/47 HPs)
             Began as a Minotaur Fighter on Dec 7, 2022.
             Was an Initiate of Trog.
             Succumbed to a kobold brigand's poison
             ... on level 3 of the Dungeon.
             The game lasted 00:02:34 (2071 turns).

GigaChad the Shield-Bearer (Minotaur Fighter)       Turns: 2071, Time: 00:02:35

Health: -1/47      AC:  7    Str: 22    XL:     5   Next: 0%
Magic:  1/1        EV:  9    Int:  9    God:    Trog [......]
Gold:   104        SH:  4    Dex: 10    Spells: 4/4 levels left

rFire   . . .      SeeInvis .   n - +6 spear "Yjiegeti" {antimagic, +Blink Int+4}
rCold   . . .      Faith    .   c - +0 buckler
rNeg    . . .      Spirit   .   b - +0 scale mail
rPois   .          Reflect  .   (helmet restricted)
rElec   .          Harm     .   (no cloak)
rCorr   .          Rampage  .   (no gloves)
Will    .....                   (no boots)
Stlth   ..........              (no amulet)
HPRegen 0.15/turn               (no ring)
MPRegen 0.07/turn               (no ring)

@: lethally poisoned (-1 -> -15)
A: horns 2, retaliatory headbutt
a: Renounce Religion, Evoke Blink


You were on level 3 of the Dungeon.
You worshipped Trog.
Trog was noncommittal.
You visited 1 branch of the dungeon, and saw 3 of its levels.

You collected 104 gold pieces.

Inventory:

Hand Weapons
 a - a +0 trident
 n - the +6 spear "Yjiegeti" (weapon) {antimagic, +Blink Int+4}
   (You found it on level 2 of the Dungeon)

   It reduces the magical energy of the wielder, and disrupts the spells and
   magical abilities of those it strikes.
   Natural abilities and divine invocations are not affected.
   Int:       It affects your intelligence (+4).
   +Blink:    It lets you blink.
Armour
 b - a +0 scale mail (worn)
 c - a +0 buckler (worn)
Scrolls
 e - 3 scrolls of identify {unknown}
 g - a scroll of blinking {unknown}
 j - a scroll of summoning {unknown}
 l - 2 scrolls of butterflies {unknown}
 m - a scroll of poison {unknown}
 o - 2 scrolls of vulnerability {unknown}
 q - a scroll of enchant armour {unknown}
Potions
 d - a potion of might
 f - a potion of degeneration {unknown}
 h - 3 potions of cancellation {unknown}
 i - a potion of curing {unknown}
 k - a potion of flight {unknown}
 p - a potion of heal wounds {unknown}


   Skills:
 + Level 4.3 Fighting
 + Level 3.9 Polearms
 + Level 4.5 Armour
 + Level 1.0 Dodging
 + Level 0.1 Stealth
 + Level 4.5 Shields


You had 4 spell levels left.
You didn't know any spells.
Your spell library contained the following spells:

 Spells                   Type           Power      Damage    Failure   Level
 Necrotise                Necr           0%         1d4       80%         1
 Shock                    Conj/Air       0%         1d3       80%         1
 Slow                     Hex            0%         N/A       80%         1
 Confusing Touch          Hex            0%         N/A       99%         3
 Dazzling Flash           Conj/Hex       0%         N/A       99%         3
 Ozocubu's Armour         Ice            0%         N/A       99%         3
 Swiftness                Air            0%         N/A       99%         3
 Vampiric Draining        Necr           0%         2d6       99%         3
 Airstrike                Air            0%         2d(0-16)  100%        4
 Agony                    Necr           0%         N/A       100%        5
 Silence                  Hex/Air        0%         N/A       100%        5
 Ozocubu's Refrigeration  Ice            0%         4d7       100%        7


Dungeon Overview and Level Annotations

Branches:
Dungeon (3/15)

Altars:
Dithmenos
Ru
Trog
Vehumet


Innate Abilities, Weirdness & Mutations

You have a pair of horns on your head.
You reflexively headbutt those who attack you in melee.


Message History

The hound is severely wounded.
The hound barely misses you.
You barely miss the hound. You headbutt the hound.
The hound is severely wounded.
You block the hound's attack.
The kobold brigand hits you with a +1 dagger of venom!
You hit the hound.
You kill the hound!
Trog accepts your kill.
The kobold brigand hits you with a +1 dagger of venom!
The ball python barely misses you. The ball python grabs you.
The ball python constricts you.
Your Dodging skill increases to level 1!
You puncture the ball python!
You kill the ball python!
Trog accepts your kill. The kobold brigand barely misses you.
You have reached level 5!
The kobold brigand hits you but does no damage.
You are poisoned.
You puncture the kobold brigand! You headbutt the kobold brigand.
The kobold brigand is moderately wounded.
You feel very sick.
The kobold brigand hits you with a +1 dagger of venom!
You are lethally poisoned!
You closely miss the kobold brigand.
The kobold brigand is moderately wounded.
* * * LOW HITPOINT WARNING * * *
You feel very sick.
The kobold brigand hits you with a +1 dagger of venom.
* * * LOW HITPOINT WARNING * * *
You miss the kobold brigand.
Your headbutt misses the kobold brigand.
The kobold brigand is moderately wounded.
* * * LOW HITPOINT WARNING * * *
You feel very sick.
The kobold brigand hits you but does no damage.
You hit the kobold brigand. You headbutt the kobold brigand!
The kobold brigand is almost dead.
You die...

..# #######..#
##. #.#
....J.#..# #.
#.# K.hS..'..#
#. #.# #..# #.
#.#########..#
##
##..'.....#...#
##
#...#....)#...#
#.
#.#.#######†K##
#.
#.#..#.(.#..@#
#.
#.##.##.##...#
#.
##.##..#)#...##
#.
##..###.......#
#. ##..##
#####..## #.
#..## #.## ##
#.##########.#
#....##...#..#
####....#...##


You could see a kobold brigand.

Vanquished Creatures
  A hound (D:3)
  Terence (D:2)
  A gnoll (D:3)
  2 adders (D:3)
  5 bats
  5 endoplasms
  A giant cockroach (D:2)
  5 goblins
  3 hobgoblins
  5 jackals
  5 quokkas
  5 ball pythons
  2 frilled lizards
  3 kobolds
  8 rats
52 creatures vanquished.

Notes
Turn   | Place    | Note
-------+----------+-------------------------------------------
     0 | D:1      | GigaChad the Minotaur Fighter began the quest for the Orb.
     0 | D:1      | Reached XP level 1. HP: 19/19 MP: 0/0
   245 | D:1      | Reached XP level 2. HP: 27/27 MP: 1/1
   847 | D:2      | Reached XP level 3. HP: 33/33 MP: 2/2
   956 | D:2      | Noticed Terence
   968 | D:2      | Killed Terence
  1192 | D:2      | Reached XP level 4. HP: 40/40 MP: 3/3
  1234 | D:2      | Found a faded altar of an unknown god.
  1423 | D:2      | Identified the +6 spear "Yjiegeti" {antimagic, +Blink
                  | Int+4}
  1541 | D:3      | Found a shadowy altar of Dithmenos.
  1839 | D:3      | Found a faded altar of an unknown god.
  1839 | D:3      | Found a radiant altar of Vehumet.
  1847 | D:3      | Found a sacrificial altar of Ru.
  1850 | D:3      | Found a faded altar of an unknown god.
  1852 | D:3      | Found a bloodstained altar of Trog.
  1856 | D:3      | Became a worshipper of Trog the Wrathful
  2050 | D:3      | Noticed a kobold brigand
  2066 | D:3      | Reached skill level 1 in Dodging
  2067 | D:3      | Reached XP level 5. HP: 26/47 MP: 1/4
  2070 | D:3      | HP: 1/47 [poisoned by a kobold brigand]
  2071 | D:3      | Succumbed to a kobold brigand's poison

Illustrated notes

Levels and vault maps discovered:
D:1:      evilmike_arrival_plus, layout_basic, dreamdust_princess_bridge,
          chequers_serial_rivers_micro_c, serial_bayou_pond_b, st_stairs_13,
          minmay_tetromino_i2
D:2:      layout_loops_ring, shapermc_ecumenical_altar_notcrosses, uniq_terence
D:3:      layout_basic, mainiacjoe_overflow_24_doors,
          chequers_temple_overflow_minitemple, minmay_divided_ellipse

Skill      XL: |  1  2  3  4 |
---------------+-------------+-----
Fighting       | 4 |  4.3
Shields        | 4 |  4.5
Polearms       | 3 |  3.9
Armour         | 4 |  4.5
Dodging        | 1 |  1.0
Stealth        | |  0.1

Action                   |  1- 3 |  4- 6 || total
-------------------------+-------+-------++-------
Melee: Trident           |    85 |     1 ||    86
       Headbutt          |    11 |     6 ||    17
       Spear             |       |    29 ||    29
Armor: Scale mail        |    45 |     7 ||    52
Dodge: Dodged            |    40 |    12 ||    52
Block: Buckler           |    30 |     6 ||    36
